 Dungeon Crawl Stone Soup version 0.21-a0-344-g2144152 (webtiles) character file.

239 tidbits the Charmwright (level 6, -11/50 HPs)
             Began as a Gnoll Skald on Oct 4, 2017.
             Mangled by an ogre
             ... wielding a +0 giant club
              (23 damage)
             ... on level 4 of the Dungeon.
             The game lasted 00:06:25 (1002 turns).

tidbits the Charmwright (Gnoll Skald)               Turns: 1002, Time: 00:06:25

Health: -11/50     AC:  5    Str: 14    XL:     6   Next: 7%
Magic:  19/22      EV: 13    Int: 17    God:
Gold:   158        SH:  0    Dex: 14    Spells: 4/15 levels left

rFire    . . .     SeeInvis .   a - +0 hand axe
rCold    . . .     Gourm    .   (no shield)
rNeg     . . .     Faith    .   B - +0 ring mail
rPois    .         Spirit   .   (no helmet)
rElec    .         Reflect  .   (no cloak)
rCorr    .         Harm     .   (no gloves)
MR       +....                  (no boots)
Stlth    +.........             (no amulet)
HPRegen  0.16/turn              m - ring of protection from magic
MPRegen  0.18/turn              x - ring of magical power

@: no status effects
A: distributed training, fangs 1, strong nose
a: no special abilities


You were on level 4 of the Dungeon.
You were very hungry.

You visited 1 branch of the dungeon, and saw 4 of its levels.

You collected 158 gold pieces.

Inventory:

Hand Weapons
 a - a +0 hand axe (weapon)
 s - a +2 short sword of speed
   (You took it off a kobold on level 3 of the Dungeon)
Missiles
 e - 55 arrows
Armour
 b - a +0 leather armour
 B - a +0 ring mail (worn)
Jewellery
 m - a ring of protection from magic (left hand)
   (You found it on level 2 of the Dungeon)
 x - a ring of magical power (right hand)
   (You found it on level 3 of the Dungeon)
Wands
 r - a wand of flame (18/48)
 t - a wand of lightning (8/15)
Scrolls
 f - 2 scrolls of amnesia {unknown}
 j - a scroll of magic mapping {unknown}
 k - 2 scrolls of enchant armour {unknown}
 l - a scroll of noise {unknown}
 o - a scroll of teleportation {unknown}
 p - a scroll of fog {unknown}
 v - a scroll of fear {unknown}
 y - a scroll of remove curse {unknown}
Potions
 g - a potion of heal wounds
 n - a potion of degeneration {unknown}
 q - a potion of curing
 u - a potion of mutation {unknown}
 w - a potion of cancellation {unknown}
Books
 c - a book of Battle

   Spells                             Type                      Level
   a - Infusion                       Charms                       1
   b - Shroud of Golubria             Charms/Translocation         2
   c - Song of Slaying                Charms                       2
   d - Spectral Weapon                Hexes/Charms                 3
   e - Regeneration                   Charms/Necromancy            3
 A - a book of Conjurations
   (You found it on level 3 of the Dungeon)

   Spells                             Type                      Level
   a - Magic Dart                     Conjuration                  1
   b - Searing Ray                    Conjuration                  2
   c - Dazzling Spray                 Conjuration/Hexes            3
   d - Fulminant Prism                Conjuration/Hexes            4
   e - Force Lance                    Conjuration/Translocation    4
   f - Iskenderun's Mystic Blast      Conjuration                  4
Comestibles
 d - 2 bread rations
 h - a meat ration
 i - 4 royal jellies
 z - 2 chunks of flesh


   Skills:
 + Level 4.9 Fighting
 + Level 1.7 Short Blades
 + Level 1.7 Long Blades
 + Level 4.9 Axes
 + Level 1.7 Maces & Flails
 + Level 1.7 Polearms
 + Level 1.7 Staves
 + Level 1.7 Slings
 + Level 1.7 Bows
 + Level 1.7 Crossbows
 + Level 1.7 Throwing
 + Level 3.1 Armour
 + Level 4.9 Dodging
 + Level 1.7 Stealth
 + Level 1.7 Shields
 + Level 1.7 Unarmed Combat
 + Level 5.3 Spellcasting
 + Level 1.7 Conjurations
 + Level 1.7 Hexes
 + Level 6.7 Charms
 + Level 1.7 Summonings
 + Level 1.7 Necromancy
 + Level 1.7 Translocations
 + Level 1.7 Transmutations
 + Level 1.7 Fire Magic
 + Level 1.7 Ice Magic
 + Level 1.7 Air Magic
 + Level 1.7 Earth Magic
 + Level 1.7 Poison Magic
 + Level 1.7 Invocations
 + Level 1.7 Evocations


You had 4 spell levels left.
You knew the following spells:

 Your Spells              Type           Power        Failure   Level  Hunger
g - Shroud of Golubria    Chrm/Tloc      ###.......   7%          2    #......
i - Infusion              Chrm           ####         1%          1    None
r - Regeneration          Chrm/Necr      ###.......   14%         3    ##.....
s - Song of Slaying       Chrm           ####....     2%          2    #......
w - Spectral Weapon       Hex/Chrm       ###.....     14%         3    ##.....


Dungeon Overview and Level Annotations

Branches:
Dungeon (4/15)
 Temple: D:4-7

Altars:


Innate Abilities, Weirdness & Mutations

Your experience applies equally to all skills.
You have very sharp teeth.
Your uncanny sense of smell can sniff out nearby items.


Message History

You are no longer poisoned.
You are feeling hungry.
Casting: Infusion
Confirm with . or Enter, or press ? or * to list all spells.
Your skin crawls.
A kobold comes into view.
Your skin is crawling a little less now.
Your magical infusion is running out.
The kobold shouts!
The kobold throws a stone.
The stone barely misses you.
The kobold throws a stone.
The stone barely misses you.
The kobold throws a stone.
The stone barely misses you.
The kobold throws a stone.
The stone closely misses you. The kobold barely misses you.
You barely miss the kobold. You bite the kobold.
The kobold is severely wounded.
Your skin stops crawling.
The kobold hits you but does no damage. The kobold hits you.
You barely miss the kobold.
The kobold is severely wounded.
You are no longer magically infusing your attacks.
The kobold closely misses you.
You hit the kobold.
You kill the kobold!
You now have 140 gold pieces (gained 11).
You see here 6 stones.
You see here 6 stones.
A hobgoblin comes into view.
The hobgoblin shouts!
Casting: Regeneration
Confirm with . or Enter, or press ? or * to list all spells.
You begin infusing your attacks with magical energy.
The hobgoblin misses you.
You hit the hobgoblin.
The hobgoblin is almost dead.
The hobgoblin barely misses you.
You hit the hobgoblin.
You kill the hobgoblin!
Found an escape hatch in the floor.
Found a leatherbound book.
There is an open door here.
A - a book of Conjurations Your magical infusion is running out.
You are no longer magically infusing your attacks.
A giant cockroach comes into view.
The giant cockroach bites you.
You hit the giant cockroach but do no damage.
The giant cockroach misses you. x2
You hit the giant cockroach.
The giant cockroach is severely wounded.
The giant cockroach bites you but does no damage.
You hit the giant cockroach.
You kill the giant cockroach!
You open the door.
A frilled lizard comes into view.
Found 6 gold pieces.
The frilled lizard hisses angrily.
There is an open door here.
You closely miss the frilled lizard. Your punch misses the frilled lizard.
The frilled lizard barely misses you.
You hit the frilled lizard.
You kill the frilled lizard!
You now have 146 gold pieces (gained 6).
Found a scroll of identify.
Found a stone staircase leading down.
Autopickup is now off.
You see here a scroll of identify.
As you read the scroll of identify, it crumbles to dust.
g - a potion of heal wounds
Okay, then.
There is a stone staircase leading down here.
You climb downwards.
An ogre comes into view. It is wielding a giant club.
Found 12 gold pieces.
Found an escape hatch in the ceiling.
There is a stone staircase leading up here.
The ogre shouts!
You see here 12 gold pieces.
You now have 158 gold pieces (gained 12).
Okay, then.
Casting: Infusion
Confirm with . or Enter, or press ? or * to list all spells.
You draw out your weapon's spirit!
You are feeling very hungry.
An orc comes into view.
The ogre hits you with a giant club!!
Your ring mail prevents you from hitting the ogre.
You bite the ogre.
The ogre is lightly wounded.
Your spectral weapon hits the ogre.
The ogre misses you.
You hit the ogre. You bite the ogre.
The ogre is moderately wounded.
Your spectral weapon hits the ogre.
The ogre hits you with a giant club!
* * * LOW HITPOINT WARNING * * *
You hit the ogre. You punch the ogre, but do no damage.
The ogre is severely wounded.
Your spectral weapon barely misses the ogre.
Your spectral weapon misses the orc.
The orc closely misses your spectral weapon.
The ogre hits you with a giant club!!
You die...

∆.. ... .. .#
#######.#
#.......#####
#....<......# ....#
.####......###..#
....###.........@(#
.................Oo#
.........###.......#
......#.# #........#
......#.#
########<..
......#.# #..# ..#
#.#.# .... ..###.#.#
#.. ..).....#


You could see an ogre, an orc and a friendly spectral hand axe.

Vanquished Creatures
  A centaur (D:2)
  A scorpion (D:4)
  5 adders
  An ooze (D:3)
  2 worms
  2 dart slugs
  2 leopard geckos (D:1)
  2 orcs
  A ball python (D:1)
  5 giant cockroaches
  4 goblins
  8 hobgoblins
  4 kobolds
  2 quokkas
  4 bats (D:1)
  3 frilled lizards
  6 rats
53 creatures vanquished.

Notes
Turn   | Place    | Note
-------+----------+-------------------------------------------
     0 | D:1      | tidbits the Gnoll Skald began the quest for the Orb.
     0 | D:1      | Reached XP level 1. HP: 20/20 MP: 6/6
   122 | D:1      | Reached XP level 2. HP: 23/26 MP: 3/7
   137 | D:1      | Learned a level 2 spell: Song of Slaying
   140 | D:1      | Learned a level 2 spell: Shroud of Golubria
   349 | D:2      | Noticed a centaur
   354 | D:2      | Reached XP level 3. HP: 22/31 MP: 2/9
   359 | D:2      | Killed a centaur
   359 | D:2      | Reached skill level 1 in Short Blades
   359 | D:2      | Reached skill level 1 in Long Blades
   359 | D:2      | Reached skill level 1 in Maces & Flails
   359 | D:2      | Reached skill level 1 in Polearms
   359 | D:2      | Reached skill level 1 in Staves
   359 | D:2      | Reached skill level 1 in Slings
   359 | D:2      | Reached skill level 1 in Bows
   359 | D:2      | Reached skill level 1 in Crossbows
   359 | D:2      | Reached skill level 1 in Throwing
   359 | D:2      | Reached skill level 1 in Stealth
   359 | D:2      | Reached skill level 1 in Shields
   359 | D:2      | Reached skill level 1 in Unarmed Combat
   359 | D:2      | Reached skill level 5 in Spellcasting
   359 | D:2      | Reached skill level 1 in Conjurations
   359 | D:2      | Reached skill level 1 in Hexes
   359 | D:2      | Reached skill level 1 in Summonings
   359 | D:2      | Reached skill level 1 in Necromancy
   359 | D:2      | Reached skill level 1 in Translocations
   359 | D:2      | Reached skill level 1 in Transmutations
   359 | D:2      | Reached skill level 1 in Fire Magic
   359 | D:2      | Reached skill level 1 in Ice Magic
   359 | D:2      | Reached skill level 1 in Air Magic
   359 | D:2      | Reached skill level 1 in Earth Magic
   359 | D:2      | Reached skill level 1 in Poison Magic
   359 | D:2      | Reached skill level 1 in Invocations
   359 | D:2      | Reached skill level 1 in Evocations
   359 | D:2      | Reached XP level 4. HP: 20/38 MP: 0/11
   393 | D:2      | Learned a level 3 spell: Regeneration
   397 | D:2      | Learned a level 3 spell: Spectral Weapon
   495 | D:3      | Reached XP level 5. HP: 41/43 MP: 8/12
   593 | D:4      | Reached skill level 3 in Armour
   842 | D:3      | Reached XP level 6. HP: 44/50 MP: 4/13
  1002 | D:4      | Mangled by an ogre

Vault maps used:
D:1:      saegor_arrival_simple_b, minmay_shallow_snake_nest
D:3:      kennysheep_generic_room_8
D:4:      first_bread, serial_shops, shop, serial_corexii_hall,
          corexii_hall_statues_t, corexii_hall_statues_x,
          corexii_hall_statues_i, corexii_hall_statues_u,
          small_statue_intersection, st_stairs_1

Skill      XL: |  1  2  3  4  5 |
---------------+----------------+-----
Short Blades   | 1 |  1.7
Long Blades    | 1 |  1.7
Maces & Flails | 1 |  1.7
Polearms       | 1 |  1.7
Staves         | 1 |  1.7
Slings         | 1 |  1.7
Bows           | 1 |  1.7
Crossbows      | 1 |  1.7
Throwing       | 1 |  1.7
Stealth        | 1 |  1.7
Shields        | 1 |  1.7
Unarmed Combat | 1 |  1.7
Spellcasting   | 5 |  5.3
Conjurations   | 1 |  1.7
Hexes          | 1 |  1.7
Summonings     | 1 |  1.7
Necromancy     | 1 |  1.7
Translocations | 1 |  1.7
Transmutations | 1 |  1.7
Fire Magic     | 1 |  1.7
Ice Magic      | 1 |  1.7
Air Magic      | 1 |  1.7
Earth Magic    | 1 |  1.7
Poison Magic   | 1 |  1.7
Invocations    | 1 |  1.7
Evocations     | 1 |  1.7
Armour         | 3 |  3.1
Fighting       | |  4.9
Axes           | |  4.9
Dodging        | |  4.9
Charms         | |  6.7

Action                   |  1- 3 |  4- 6 || total
-------------------------+-------+-------++-------
Melee: Hand axe          |    55 |    85 ||   140
       Bite              |     6 |     8 ||    14
       Punch             |       |     2 ||     2
 Cast: Infusion          |     9 |     9 ||    18
       Regeneration      |       |     4 ||     4
       Shroud of Golubri |       |     2 ||     2
       Spectral Weapon   |       |     1 ||     1
Evoke: Wand              |       |     2 ||     2
  Use: Scroll            |       |     4 ||     4
 Stab: Sleeping          |       |     1 ||     1
Armor: Leather armour    |     5 |       ||     5
       Ring mail         |    13 |    20 ||    33
Dodge: Dodged            |    46 |    43 ||    89

Table legend:
 A = Spawn XP
 B = Non-spawn XP
 C = Spawn XP percentage of total XP
 D = Spawn monster count
 E = Non-spawn monster count
 F = Spawn count percentage of total count
 G = Total turns spent on level
                    A         B        C        D         E        F      G
               +---------+---------+-------+---------+---------+-------+---------
         Total |       0 |     342 |   0.0 |       0 |      53 |   0.0 |  1002
               +---------+---------+-------+---------+---------+-------+---------
           D:1 |       0 |      27 |   0.0 |       0 |      15 |   0.0 |   295
           D:2 |       0 |     129 |   0.0 |       0 |      10 |   0.0 |   172
           D:3 |       0 |      76 |   0.0 |       0 |      20 |   0.0 |   316
           D:4 |       0 |     110 |   0.0 |       0 |       8 |   0.0 |   219
               +---------+---------+-------+---------+---------+-------+---------

Table legend:
 A = Turns spent in this place as a percentage of turns spent in the entire game.
 B = Non-inter-level travel turns spent in this place as a percentage of non-inter-level travel turns spent in the entire game.
 C = Inter-level travel turns spent in this place as a percentage of turns spent in this place.
 D = Turns resting spent in this place as a percentage of non-inter-level travel turns spent in this place.
 E = Turns spent auto-exploring this place as a percentage of non-inter-level travel turns spent in this place.
 F = Non-inter-level travel turns spent in this place divided by the number of levels of this place that you've seen.
                   A       B       C       D       E      F
               +-------+-------+-------+-------+-------+----------------------
         Total | 100.0 | 100.0 |   0.0 |   0.0 |   0.0 | 250.5
       Dungeon | 100.0 | 100.0 |   0.0 |   0.0 |   0.0 | 250.5
               +-------+-------+-------+-------+-------+----------------------

Table legend:
 A = Kills in this place as a percentage of kills in entire the game.
 B = Kills by you in this place as a percentage of kills by you in the entire game.
 C = Kills by friends in this place as a percentage of kills by friends in the entire game.
 D = Other kills in this place as a percentage of other kills in the entire game.
 E = Experience gained in this place as a percentage of experience gained in the entire game.
 F = Experience gained in this place divided by the number of levels of this place that you have seen.
                   A       B       C       D       E      F
               +-------+-------+-------+-------+-------+----------------------
         Total | 100.0 | 100.0 |   N/A |   N/A | 100.0 |  85.5
       Dungeon | 100.0 | 100.0 |   N/A |   N/A | 100.0 |  85.5
               +-------+-------+-------+-------+-------+----------------------

Vault maps used:
D:1:      saegor_arrival_simple_b, minmay_shallow_snake_nest
D:3:      kennysheep_generic_room_8
D:4:      first_bread, serial_shops, shop, serial_corexii_hall,
          corexii_hall_statues_t, corexii_hall_statues_x,
          corexii_hall_statues_i, corexii_hall_statues_u,
          small_statue_intersection, st_stairs_1
